 Dungeon Crawl Stone Soup version 0.31-a0-949-g57150269e1 (webtiles) character file.

Game seed: 8205503249622683961

1634 Newt the Skirmisher (level 9, 0/54 HPs)
             Began as a Kobold Hunter on Oct 22, 2023.
             Slain by a troll (15 damage)
             ... on level 5 of the Dungeon.
             The game lasted 00:05:10 (4401 turns).

Newt the Skirmisher (Kobold Hunter)                 Turns: 4401, Time: 00:05:10

Health: 0/54       AC: 10    Str: 12    XL:     9   Next: 18%
Magic:  9/9        EV: 16    Int: 10    God:
Gold:   189        SH: 14    Dex: 22    Spells: 8/8 levels left

rFire   . . .        g - +3 sling (flame)
rCold   . . .        m - +3 buckler
rNeg    . . .        s - +4 ring mail "Kymet" {Str+3}
rPois   .            i - +1 hat
rElec   .            (no cloak)
rCorr   .            (no gloves)
SInv    +            (no boots)
Will    .....        h - amulet of reflection
Stlth   +++          d - ring of flight
HPRegen 0.29/turn    l - ring of see invisible
MPRegen 0.11/turn

%: reflection
@: flying
A: small, no large weapons, nightstalker 3
a: no special abilities


You were on level 5 of the Dungeon.
You visited 1 branch of the dungeon, and saw 5 of its levels.

You collected 189 gold pieces.

Inventory:

Hand Weapons
 a - a +0 shortbow
 g - a +3 sling of flaming (weapon)
Armour
 c - a +0 leather armour
 i - a +1 hat (worn)
 m - a +3 buckler (worn)
 s - the +4 ring mail "Kymet" (worn) {Str+3}
   (You found it on level 5 of the Dungeon)

   Str+3:     It affects your strength (+3).
Jewellery
 d - a ring of flight (left hand)
 h - an amulet of reflection (around neck)
 l - a ring of see invisible (right hand)
 r - a ring of protection from cold
Wands
 o - a wand of flame (2)
Scrolls
 b - a scroll of butterflies
Potions
 e - a potion of curing
 f - 3 potions of haste
 j - 2 potions of might
 k - 2 potions of lignification
 n - a potion of degeneration
 p - a potion of invisibility
 q - 2 potions of cancellation


   Skills:
 - Level 5.0 Fighting
 + Level 10.2 Ranged Weapons
 - Level 6.0 Dodging
 - Level 1.3 Stealth
 - Level 5.0 Shields


You had 8 spell levels left.
You didn't know any spells.
Your spell library contained the following spells:

 Spells                   Type           Power      Damage    Failure   Level
 Sandblast                Erth           0%         2d4       75%         1
 Passwall                 Tmut/Erth      0%         N/A       87%         2
 Stone Arrow              Conj/Erth      0%         3d7       98%         3
 Summon Guardian Golem    Hex/Summ       0%         N/A       98%         3
 Brom's Barrelling Bould  Conj/Erth      0%         2d3       100%        4
 Orb of Destruction       Conj           0%         9d5       100%        7
 Spellforged Servitor     Conj/Summ      0%         N/A       100%        7


Dungeon Overview and Level Annotations

Branches:
Dungeon (5/15)
 Temple: D:4-7

Altars:
Dithmenos

Annotations:
D:3 2 runed translucent doors, Crazy Yiuf; Scrimshaw's ghost, amateur OpSh
D:5 5 runed translucent doors, Fodor's ghost, novice MiFi


Innate Abilities, Weirdness & Mutations

You are small and have problems with some larger weapons.
You are completely attuned to the shadows.


Message History

You shoot a sling bullet. The sling bullet hits the troll.
The sling bullet burns the troll.
The troll is heavily wounded.
The troll bites you but does no damage. The troll claws you! x2
You are too injured to fight recklessly!
You are too injured to fight recklessly!
You are too injured to fight recklessly!
You are too injured to fight recklessly!
You are too injured to fight recklessly!
You are too injured to fight recklessly!
You are too injured to fight recklessly!
You are too injured to fight recklessly!
Unknown command.
You are too injured to fight recklessly!
You shoot a sling bullet.
The sling bullet closely misses the troll.
You block the troll's attack. The troll completely misses you.
You block the troll's attack.
You shoot a sling bullet. The sling bullet hits the troll!
The sling bullet burns the troll.
The troll is severely wounded.
The troll closely misses you. x2; You block the troll's attack.
You shoot a sling bullet.
The sling bullet barely misses the troll.
The troll bites you! The troll claws you!
* * * LOW HITPOINT WARNING * * *
The troll closely misses you.
Unknown command.
You feel better. You block the troll's attack. x3
You shoot a sling bullet. The sling bullet hits the troll!
The sling bullet burns the troll.
The troll is almost dead.
You block the troll's attack. The troll claws you but does no damage.
The troll claws you.
* * * LOW HITPOINT WARNING * * *
You shoot a sling bullet.
The sling bullet hits the troll but does no damage.
The troll is almost dead.
The troll bites you!
You die...

..#.####..
....####.##8)
#........#8..
##..####.+..O (+...#
⌠#.......+... +.#.#
##..###..#8. #...##
#...####.## ##.#..#
...#..†...# #.....##
......###'# #@###..#
.##..##.#.### #.T.##.#
###>.#.#(##.# ##.#.#.#
.#...#.###..# ## #.#
#.#..#.#.†### #.#
#.#..#.#.##.# #.#
..#..##....#### ##.#
###...######..######..#
#.#................##


You could see a troll.

Vanquished Creatures
  Grinder (D:3)
  A yak (D:5)
  A black bear (D:5)
  An ogre (D:5)
  A centaur (D:5)
  A phantom (D:5)
  Blork the orc (D:4)
  2 scorpions (D:5)
  3 howler monkeys
  3 jellies
  3 hounds
  3 orc priests
  Jessica (D:2)
  Terence (D:3)
  3 iguanas
  2 orc wizards (D:4)
  11 adders
  A white imp (D:5)
  A worm (D:4)
  4 dart slugs
  21 orcs
  5 ball pythons
  5 endoplasms
  8 giant cockroaches
  5 goblins
  6 hobgoblins
  5 jackals
  9 kobolds
  5 quokkas
  5 bats
  6 frilled lizards
  5 rats
130 creatures vanquished.

Notes
Turn   | Place    | Note
-------+----------+-------------------------------------------
     0 | D:1      | Newt the Kobold Hunter began the quest for the Orb.
     0 | D:1      | Reached XP level 1. HP: 12/12 MP: 1/1
   137 | D:1      | Reached XP level 2. HP: 9/19 MP: 2/2
   489 | D:1      | Reached XP level 3. HP: 23/23 MP: 3/3
  1091 | D:2      | Noticed Jessica
  1096 | D:2      | Killed Jessica
  1097 | D:2      | Reached XP level 4. HP: 30/30 MP: 4/4
  1217 | D:2      | Reached skill level 5 in Fighting
  1354 | D:2      | Reached XP level 5. HP: 35/35 MP: 5/5
  1399 | D:2      | Reached skill level 6 in Ranged Weapons
  1825 | D:2      | Found a faded altar of an unknown god.
  1907 | D:3      | Found a runed translucent door.
  1909 | D:3      | Noticed Scrimshaw's ghost (amateur OpSh)
  2003 | D:3      | Noticed Terence
  2008 | D:3      | Killed Terence
  2317 | D:3      | Noticed Grinder
  2327 | D:3      | Paralysed by Grinder for 2 turns
  2332 | D:3      | Killed Grinder
  2333 | D:3      | Reached skill level 8 in Ranged Weapons
  2333 | D:3      | Reached XP level 6. HP: 15/40 MP: 6/6
  2552 | D:3      | Reached XP level 7. HP: 36/44 MP: 7/7
  2684 | D:3      | Found a runed translucent door.
  2687 | D:3      | Noticed Crazy Yiuf
  2869 | D:4      | Reached skill level 9 in Ranged Weapons
  3232 | D:4      | Reached skill level 10 in Ranged Weapons
  3242 | D:4      | Noticed Blork the orc
  3251 | D:4      | Killed Blork the orc
  3302 | D:4      | Found a shadowy altar of Dithmenos.
  3319 | D:4      | Reached XP level 8. HP: 49/49 MP: 8/8
  3694 | D:5      | Entered Level 5 of the Dungeon
  3735 | D:5      | Reached skill level 5 in Dodging
  3807 | D:5      | Found a runed translucent door.
  3807 | D:5      | Noticed Fodor's ghost (novice MiFi)
  3843 | D:5      | Reached skill level 1 in Shields
  4118 | D:5      | Noticed a yak
  4132 | D:5      | Killed a yak
  4226 | D:5      | Found a large runed translucent door.
  4226 | D:5      | Found a large runed translucent door.
  4230 | D:5      | Noticed a two-headed ogre
  4250 | D:5      | Identified the +4 ring mail "Kymet" {Str+3}
  4290 | D:5      | Reached XP level 9. HP: 54/54 MP: 9/9
  4356 | D:5      | Found a large runed translucent door.
  4356 | D:5      | Found a large runed translucent door.
  4369 | D:5      | Reached skill level 5 in Shields
  4390 | D:5      | Noticed a troll
  4401 | D:5      | Slain by a troll

Illustrated notes

Levels and vault maps discovered:
D:1:      psy_arrival_whirlpool, layout_basic, minmay_misc_feat_tiny,
          minmay_heptomino_d4
D:2:      layout_loops_ring, shapermc_ecumenical_altar_acropolis, uniq_jessica
D:3:      layout_basic, ebering_ghost_inner_flame, uniq_terence,
          uniq_crazy_yiuf_cottage, uniq_grinder
D:4:      minmay_chambers_of_twos, layout_rooms,
          nicolae_dithmenos_shadow_blocks, kennysheep_generic_room_10,
          uniq_blork_the_orc
D:5:      cheibrodos_helix_gallery, layout_loops_ring,
          lemuel_mausoleum_altar_yredelemnul, hellmonk_ghost_happy_afterlife,
          minmay_hollow_rounded_squares, uniq_pikel

Skill      XL: |  1  2  3  4  5  6  7  8  9 |
---------------+----------------------------+-----
Fighting       | 3 4 5 |  5.0
Ranged Weapons | 8 10 | 10.2
Dodging        | 4 6 |  6.0
Shields        | 4 5 |  5.0
Stealth        | |  1.3

Action                     |  1- 3 |  4- 6 |  7- 9 || total
---------------------------+-------+-------+-------++-------
   Fire: Shortbow          |    83 |    13 |       ||    96
         Sling             |       |    87 |   230 ||   317
    Use: Scroll            |     4 |       |     6 ||    10
         Potion            |     2 |     1 |     1 ||     4
 Armour: Leather armour    |    21 |    27 |    37 ||    85
         Ring mail         |       |       |    15 ||    15
  Dodge: Dodged            |    40 |    35 |    67 ||   142
  Block: Buckler           |       |     3 |    84 ||    87
         Reflection        |       |       |     2 ||     2

Table legend: (Time is in decaauts)
 A = Elapsed time spent in this place.
 B = Non-inter-level travel time spent in this place.
 C = Inter-level travel time spent in this place.
 D = Time resting spent in this place.
 E = Time spent auto-exploring this place.
 F = Levels seen in this place.
 G = Mean time per level.
                   A        B        C        D        E       F      G
               +--------+--------+--------+--------+--------+-----+--------+
         Total |   4423 |   4303 |    120 |    602 |   2990 |   5 |  884.6 |
       Dungeon |   4423 |   4303 |    120 |    602 |   2990 |   5 |  884.6 |
               +--------+--------+--------+--------+--------+-----+--------+

Top non-repeatable levels by time:
     D:2: 1023 daAuts
     D:3: 1009 daAuts
     D:4: 844 daAuts
     D:1: 835 daAuts
     D:5: 710 daAuts
